 Dungeon Crawl Stone Soup version 0.19-a0-599-g723c685 (webtiles) character file.

821 AlphabetPasta the Bolt Thrower (level 8, -4/61 HPs)
             Began as a Human Hunter on June 10, 2016.
             Shot with an arrow by a centaur (7 damage)
             ... on level 6 of the Dungeon.
             The game lasted 00:12:47 (3577 turns).

AlphabetPasta the Bolt Thrower (Human Hunter)       Turns: 3577, Time: 00:12:48

Health: -4/61      AC:  9    Str: 15    XL:     8   Next: 16%
Magic:  2/2        EV: 11    Int: 11    God:
Gold:   188        SH:  0    Dex: 14    Spells: 0 memorised, 7 levels left

rFire  . . .     SeeInvis .     b - +1 trident (antimagic)
rCold  . . .     Gourm    .     k - +0 ring mail
rNeg   . . .     Faith    .     (no shield)
rPois  .         Spirit   .     v - +1 helmet
rElec  .         Dismiss  .     (no cloak)
rCorr  .         Reflect  .     h - +0 pair of gloves (curse)
SustAt .         Harm     .     (no boots)
MR     .....                    (no amulet)
Stlth  +.........               (no ring)
                                (no ring)

@: not resistant to hostile enchantments, very unstealthy
A: no striking features
a: no special abilities


You were on level 6 of the Dungeon.
You were not hungry.

You visited 1 branch of the dungeon, and saw 6 of its levels.

You collected 188 gold pieces.

Inventory:

Hand Weapons
 a - a +2 hand crossbow
 b - a +1 antimagic trident (weapon)
 p - a +0 short sword
Missiles
 d - 49 bolts
 e - 4 javelins (quivered)
Armour
 c - a +0 leather armour
 h - a cursed +0 pair of gloves (worn)
 k - a +0 ring mail (worn)
 v - a +1 helmet (worn)
Jewellery
 o - an uncursed ring of resist corrosion {unknown}
Wands
 x - a wand of slowing (28/48)
Scrolls
 j - a scroll of fear
 m - a scroll of teleportation
 n - a scroll of identify
 u - a scroll of blinking
Potions
 q - a potion of agility
 r - a potion of might
 s - a potion of brilliance
 t - a potion of curing
 w - a potion of magic
Comestibles
 f - 3 bread rations
 g - 4 chunks of flesh
 l - 2 beef jerkies


   Skills:
 + Level 4.4 Fighting
 + Level 3.2 Polearms
 * Level 6.8 Crossbows
 + Level 3.4 Armour
 - Level 2.2 Dodging
 - Level 1.0 Stealth


You had 7 spell levels left.
You didn't know any spells.

Dungeon Overview and Level Annotations

Branches:
Dungeon (6/15)
 Temple: D:4-7

Altars:
Pakellas
Ru
Xom
Zin


Message History

The centaur is heavily wounded.
The centaur closely misses you. The centaur hits you.
An orc priest comes into view. It is wielding a falchion.
You closely miss the centaur.
The centaur is heavily wounded.
The centaur misses you. The centaur hits you.
You hit the centaur.
The centaur is severely wounded.
The orc priest invokes the aid of Beogh against you.
Beogh smites you!
* * * LOW HITPOINT WARNING * * *
The centaur closely misses you.
The centaur wields an uncursed shortbow.
The centaur shoots an arrow.
The arrow hits you.
* * * LOW HITPOINT WARNING * * *
You see here 2 arrows.
The centaur shoots an arrow.
The arrow hits you!
* * * LOW HITPOINT WARNING * * *
The centaur shoots an arrow.
The arrow hits you!
You die...

#.# ########## #.#
#........# #.#
#........# #.#
#........########)######
#........#..............
#........#.######)#...##
#.............).......'.
#######@##........#...##
#(##........#...#
#)##........#...#
#c##........#...#
oo###.......#...# ##o#
#.......##### #o#
#......... #..
#######.#.. ... >#.#


You could see an orc warrior, a centaur, an orc priest and 2 orcs.

Vanquished Creatures
  Sigmund (D:2)
  An ice beast (D:5)
  A sky beast (D:6)
  2 phantoms
  An ogre (D:5)
  A scorpion (D:4)
  An orc wizard (D:6)
  A worker ant (D:4)
  6 adders
  A worm (D:5)
  4 giant geckos
  4 orcs
  2 giant cockroaches (D:5)
  4 goblins
  A hobgoblin (D:2)
  6 jackals (D:1)
  7 kobolds
  4 bats
  2 giant newts
  6 rats
56 creatures vanquished.

Notes
Turn   | Place    | Note
--------------------------------------------------------------
     0 | D:1      | AlphabetPasta the Human Hunter began the quest for the Orb.
     0 | D:1      | Reached XP level 1. HP: 16/16 MP: 1/1
    15 | D:1      | Reached XP level 2. HP: 17/22 MP: 2/2
   194 | D:1      | Reached XP level 3. HP: 25/28 MP: 3/3
  1067 | D:2      | Noticed Sigmund
  1088 | D:2      | Killed Sigmund
  1088 | D:2      | Reached skill level 1 in Polearms
  1088 | D:2      | Reached skill level 5 in Crossbows
  1088 | D:2      | Reached XP level 4. HP: 18/35 MP: 1/4
  1088 | D:2      | Reached XP level 5. HP: 21/41 MP: 1/5
  1088 | D:2      | Reached XP level 6. HP: 24/47 MP: 2/6
  1302 | D:2      | Found a sacrificial altar of Ru.
  1574 | D:3      | Found a shimmering altar of Xom.
  1574 | D:3      | Found a shimmering altar of Xom.
  1575 | D:3      | Found a shimmering altar of Xom.
  1575 | D:3      | Found a shimmering altar of Xom.
  1575 | D:3      | Found a shimmering altar of Xom.
  1575 | D:3      | Found a shimmering altar of Xom.
  2201 | D:4      | Found a glowing silver altar of Zin.
  2246 | D:4      | Found an oddly glowing altar of Pakellas.
  2339 | D:4      | Noticed a phantom
  2356 | D:4      | Killed a phantom
  2356 | D:4      | Reached XP level 7. HP: 27/53 MP: 2/7
  2766 | D:5      | Entered Level 5 of the Dungeon
  2805 | D:5      | Reached skill level 6 in Crossbows
  3461 | D:6      | Reached XP level 8. HP: 34/61 MP: 2/8
  3577 | D:6      | HP: 3/61 [centaur/arrow (9)]
  3577 | D:6      | Shot with an arrow by a centaur

Vault maps used:
D:1:      saegor_arrival_simple_b
D:2:      nicolae_ru_sacrificial_ziggurat, uniq_sigmund
D:3:      xom_redecorated
D:4:      zin_statuary, minmay_misc_feat_rugged, st_stairs_1,
          grunt_pakellas_mercury
D:5:      first_bread
D:6:      nicolae_ossuary_entry_monument, uniq_blork_the_orc

Skill      XL: |  1  2  3  4  5  6  7 |
---------------+----------------------+-----
Fighting       | 3 4 |  4.4
Polearms       | 1 2 3 |  3.2
Crossbows      | 5 6 |  6.8
Armour         | 2 3 |  3.4
Dodging        | |  2.2
Stealth        | |  1.0

Action                   |  1- 3 |  4- 6 |  7- 9 || total
-------------------------+-------+-------+-------++-------
Melee: Short sword       |     2 |       |       ||     2
       Trident           |     5 |    14 |    56 ||    75
 Fire: Hand crossbow     |    50 |    38 |    22 ||   110
Throw: Javelin           |    16 |     1 |     7 ||    24
  Use: Scroll            |       |     7 |     4 ||    11
       Potion            |       |       |     2 ||     2
  Eat: Chunk             |       |     2 |       ||     2
       Meat ration       |       |     1 |     1 ||     2
Armor: Leather armour    |     6 |       |       ||     6
       Ring mail         |     3 |    10 |    16 ||    29
Dodge: Dodged            |    23 |    16 |    21 ||    60
